 Dungeon Crawl Stone Soup version 0.29-a0-472-ge5599a681e (webtiles) character file.

Game seed: 8552687247746433955

20 Hiru the Insei (level 2, 15/18 HPs)
             Began as an Octopode Transmuter on May 23, 2022.
             Quit the game on level 1 of the Dungeon on Jan 28, 2023.
             The game lasted 00:01:12 (236 turns).

Hiru the Insei (Octopode Transmuter)                 Turns: 236, Time: 00:01:12

Health: 15/18      AC:  1    Str:  9    XL:     2   Next: 79%
Magic:  5/5        EV: 13    Int: 15    God:
Gold:   0          SH:  0    Dex: 12    Spells: 4/5 levels left

rFire   . . .      SeeInvis .     - Unarmed
rCold   . . .      Faith    .   (no shield)
rNeg    . . .      Spirit   .   (helmet currently unavailable)
rPois   .          Reflect  .   (no amulet)
rElec   .          Harm     .   (no ring)
rCorr   .          Rampage  .   (no ring)
Will    .....                   (no ring)
Stlth   ++........              (no ring)
HPRegen 0.06/turn               (no ring)
MPRegen 0.09/turn               (no ring)
                                (no ring)
                                (no ring)

@: appendages (expiring)
A: tentacle spike 3, almost no armour, amphibious, 8 rings, camouflage 1,
gelatinous body 1, (nimble swimmer 1), tentacles
a: End Transformation


You were on level 1 of the Dungeon.
One of your tentacles had grown a beastly spike.
You visited 1 branch of the dungeon, and saw 1 of its levels.

Inventory:

Scrolls
 b - 2 scrolls of identify {unknown}
Potions
 a - a potion of lignification


   Skills:
 + Level 1.5 Fighting
 + Level 2.3 Dodging
 + Level 3.2 Unarmed Combat
 - Level 2.0 Spellcasting
 + Level 2.3 Transmutations


You had 4 spell levels left.
You knew the following spells:

 Your Spells              Type           Power      Damage    Failure   Level
a - Beastly Appendage     Tmut           16%        N/A       9%          1

Your spell library contained the following spells:

 Spells                   Type           Power      Damage    Failure   Level
 Wereblood                Tmut           8%         N/A       13%         2
 Spider Form              Tmut/Pois      5%         N/A       38%         3
 Ice Form                 Ice/Tmut       5%         N/A       80%         4


Dungeon Overview and Level Annotations

Branches:
Dungeon (1/15)

Altars:


Innate Abilities, Weirdness & Mutations

One of your tentacles has grown a beastly spike.
You cannot wear most types of armour.
You are amphibious.
You can wear up to eight rings at the same time.
Your skin changes colour to match your surroundings (Stealth+).
Your rubbery body absorbs attacks. (AC +1, EV +1)
((You are camouflaged when in or above water. (Stealth+)))
You have tentacles for arms and can constrict up to eight enemies at once.


Message History

You kill the quokka!
You are too injured to fight recklessly!
You barely miss the goblin. Your grab misses the goblin.
You squeeze the goblin.
You kill the goblin!
There is an open door, spattered with blood here.
Items here: ) ††††.
You start resting.
HP restored.
Things that are here:
a +0 club; a gnoll corpse
Found a stone staircase leading down.
Found a pair of gloves.
You see here a +0 pair of gloves. 2 rats come into view.
There are monsters nearby!
A rat comes into view.
Casting: Beastly Appendage (safe; 9% risk of failure)
Confirm with . or Enter, or press ? or * to list all spells.
One of your tentacles grows a vicious spike.
The helpless rat fails to defend itself.
You tentacle-slap the rat but do no damage.
Your grab misses the rat.
You pierce the rat.
You kill the rat!
You closely miss the rat. Your grab misses the rat.
Your transformation is almost over.
The rat bites you.
You tentacle-slap the rat.
You kill the rat!
The rat completely misses you.
You closely miss the rat. You grab the rat. Your squeeze misses the rat.
You constrict the rat. The rat bites you.
You tentacle-slap the rat.
You kill the rat!
No target in view!
Saving game... please wait.
Options error: Bad travel_delay: ".05" (~/.crawlrc:79) Welcome back, Hiru the Octopode Transmuter.
Press ? for a list of commands and other information.
Are you sure you want to abandon this character and quit the game? (Confirm with "yes".)

.#..... #.#
....... #[#
.#..... #.#
.......####.####
.#.............#
...............#
##........?....#
##+#..........#
#.......@†.#
#..........#
#..........#
############


There were no monsters in sight!

Vanquished Creatures
  A gnoll (D:1)
  A goblin (D:1)
  A hobgoblin (D:1)
  3 jackals (D:1)
  A quokka (D:1)
  3 rats (D:1)
10 creatures vanquished.

Notes
Turn   | Place    | Note
-------+----------+-------------------------------------------
     0 | D:1      | Hiru the Octopode Transmuter began the quest for the Orb.
     0 | D:1      | Reached XP level 1. HP: 13/13 MP: 3/3
    35 | D:1      | Reached XP level 2. HP: 18/18 MP: 3/5
   236 | D:1      | Quit the game

Illustrated notes

Levels and vault maps discovered:
D:1:      scummos_arrival_simple_fountains, layout_basic, serial_shops,
          nicolae_diamond_shop, hex_tiny

Action                   || total
-------------------------++-------
Melee: Unarmed           ||    24
       Kick              ||     5
       Constrict         ||     5
       Tentacles         ||     5
 Cast: Beastly Appendage ||     2
 Stab: Sleeping          ||     1
Armor: Skin              ||     3
Dodge: Dodged            ||    14

Table legend: (Time is in decaauts)
 A = Elapsed time spent in this place.
 B = Non-inter-level travel time spent in this place.
 C = Inter-level travel time spent in this place.
 D = Time resting spent in this place.
 E = Time spent auto-exploring this place.
 F = Levels seen in this place.
 G = Mean time per level.
                   A        B        C        D        E       F      G
               +--------+--------+--------+--------+--------+-----+--------+
         Total |    234 |    234 |      0 |    135 |     47 |   1 |  234.0 |
       Dungeon |    234 |    234 |      0 |    135 |     47 |   1 |  234.0 |
               +--------+--------+--------+--------+--------+-----+--------+

Top non-repeatable levels by time:
     D:1: 234 daAuts
